 Dungeon Crawl Stone Soup version 0.31-a0-564-g3b7de120b3 (webtiles) character file.

Game seed: 15163095062970616424

656 Shayle the Trooper (level 7, -5/75 HPs)
             Began as an Ogre Shapeshifter on Aug 17, 2023.
             Splashed by a jelly's acid (8 damage)
             ... on level 5 of the Dungeon.
             The game lasted 00:11:51 (4249 turns).

Shayle the Trooper (Ogre Shapeshifter)              Turns: 4249, Time: 00:11:54

Health: -5/75      AC: -5    Str: 20    XL:     7   Next: 55%
Magic:  14/14      EV:  9    Int: 11    God:
Gold:   186        SH:  0    Dex:  9    Spells: 15/15 levels left

rFire   . .          .
                       - Unarmed
rCold   . . .        (no shield)
rNeg    . . .        a - +0 animal skin
rPois   .            (helmet currently unavailable)
rElec   .            (cloak currently unavailable)
rCorr   .            (gloves unavailable)
SInv    +            (boots unavailable)
Will    .....        f - amulet of magic regeneration
Stlth   +            b - ring of see invisible
HPRegen 0.32/turn    (no ring)
MPRegen 0.54/turn

%: no passive effects
@: beast-form, corroded
A: beast (slay +2), large, unfitting armour, tough skin 1
a: Begin Untransformation


You were on level 5 of the Dungeon.
You were a hulking beast.
You visited 1 branch of the dungeon, and saw 5 of its levels.
You also visited: Sewer.

You collected 186 gold pieces.

Inventory:

Hand Weapons
 r - a +0 giant spiked club
Missiles
 s - a curare-tipped dart
Armour
 a - a +0 animal skin (worn)
Jewellery
 b - a ring of see invisible (left hand)
 f - an amulet of magic regeneration (around neck)
Talismans
 c - a beast talisman (active)
 d - a flux talisman
Wands
 l - a wand of digging (3)
Scrolls
 e - a scroll of enchant weapon {unknown}
 i - 2 scrolls of amnesia {unknown}
 k - a scroll of identify {unknown}
 m - 3 scrolls of fog {unknown}
 n - a scroll of revelation {unknown}
 o - a scroll of teleportation {unknown}
 p - a scroll of poison {unknown}
 q - a scroll of enchant armour {unknown}
Potions
 g - 2 potions of degeneration {unknown}
 h - 2 potions of heal wounds
 j - 2 potions of attraction {unknown}
 t - 2 potions of enlightenment
 u - a potion of curing


   Skills:
 + Level 6.2 Fighting
 - Level 1.7 Dodging
 + Level 4.9 Unarmed Combat
 + Level 4.7 Spellcasting
 - Level 3.0 Shapeshifting


You had 15 spell levels left.
You didn't know any spells.
Your spell library contained the following spells:

 Spells                   Type           Power      Damage    Failure   Level
 Cause Fear               Hex            1%         N/A       91%         4
 Fireball                 Conj/Fire      1%         3d3       99%         5
 Dragon's Call            Summ           1%         N/A       100%        9


Dungeon Overview and Level Annotations

Branches:
Dungeon (5/15)              Sewer (visited)
 Temple: D:4-7

Altars:
Gozag
Makhleb
Sif Muna

Shops:
D:3 (*(


Innate Abilities, Weirdness & Mutations

You are a hulking beast.
Your limbs bulge with bestial killing power. (Slay +2)
You are too large for most types of armour.
You have tough skin. (AC +1)


Message History

There is a stone staircase leading up here.
Found a ring mail.
b - a ring of see invisible You start putting on your amulet.
You continue putting on your amulet of magic regeneration. x5
You finish putting on your amulet of magic regeneration.
f - an amulet of magic regeneration (around neck)
b - a ring of see invisible (left hand) HP restored.
A jelly comes into view.
The jelly quivers.
You hit the jelly.
Your hands burn!
The jelly is moderately wounded.
The jelly hits you.
You are splashed with acid!
You hit the jelly. The acid corrodes you!
Your hands burn!
The jelly is moderately wounded.
The jelly hits you.
You are splashed with acid!
You hit the jelly.
Your hands burn!
The jelly is severely wounded.
The jelly hits you.
You are splashed with acid!
You barely miss the jelly.
The jelly is severely wounded.
The jelly barely misses you.
You hit the jelly.
Your hands burn!
The jelly is almost dead.
The jelly hits you.
You are splashed with acid!
* * * LOW HITPOINT WARNING * * *
You barely miss the jelly.
The jelly is almost dead.
The jelly hits you.
* * * LOW HITPOINT WARNING * * *
You are splashed with acid!
* * * LOW HITPOINT WARNING * * *
You hit the jelly. The acid corrodes you!
Your hands burn!
* * * LOW HITPOINT WARNING * * *
The jelly is almost dead.
The jelly hits you.
* * * LOW HITPOINT WARNING * * *
You are splashed with acid!
You die...

...#..$.....#
#####..#.......#
##.#...........##.
#.......##........
#................#
#......<†......#
#..............#
#......##......#
#.....hJ........
###...#....<....
###.#.....###.
#.##.....# ...
...... ##...[....#
#.........
#........# .......


You could see a jelly.

Vanquished Creatures
  A yak (D:4)
  2 ogres (D:4)
  A kobold brigand (Sewer)
  A scorpion (D:5)
  Ijyb (D:4)
  4 gnolls
  3 adders
  A shadow imp (D:3)
  3 worms (D:2)
  4 dart slugs
  7 orcs
  4 ball pythons
  2 bats (D:3)
  6 endoplasms
  5 giant cockroaches
  5 goblins
  5 hobgoblins
  14 jackals
  3 quokkas
  2 frilled lizards
  8 kobolds
  4 rats
86 creatures vanquished.

Notes
Turn   | Place    | Note
-------+----------+-------------------------------------------
     0 | D:1      | Shayle the Ogre Shapeshifter began the quest for the Orb.
     0 | D:1      | Reached XP level 1. HP: 19/19 MP: 1/1
    36 | D:1      | Reached skill level 2 in Fighting
    36 | D:1      | Reached skill level 1 in Spellcasting
    36 | D:1      | Reached XP level 2. HP: 22/28 MP: 1/3
   625 | D:1      | Reached XP level 3. HP: 29/36 MP: 3/5
  1369 | D:2      | Reached skill level 3 in Fighting
  1628 | D:3      | Reached XP level 4. HP: 42/45 MP: 5/7
  1731 | D:3      | Found Kiarireu's Weapon Boutique.
  1847 | D:3      | Found Keveguh's General Store.
  1964 | D:3      | Found an opulent altar of Gozag.
  2273 | D:3      | Found Pokyuc's Weapon Shoppe.
  2751 | D:4      | Noticed Ijyb
  2759 | D:4      | Killed Ijyb
  2760 | D:4      | Reached XP level 5. HP: 54/54 MP: 7/9
  2787 | D:4      | Found a burning altar of Makhleb.
  2855 | D:4      | Found a glowing drain.
  2855 | D:4      | Noticed an ogre
  2858 | D:4      | Reached skill level 4 in Fighting
  2873 | D:4      | Killed an ogre
  2874 | D:4      | Reached XP level 6. HP: 31/63 MP: 10/10
  2902 | Sewer    | Entered a sewer
  3210 | Sewer    | Found a white marble altar of Elyvilon.
  3369 | D:4      | Reached skill level 5 in Fighting
  3694 | D:4      | Found a shimmering blue altar of Sif Muna.
  3809 | D:4      | Reached XP level 7. HP: 72/72 MP: 13/13
  4023 | D:4      | Noticed a yak
  4023 | D:4      | Noticed a yak
  4034 | D:4      | Killed a yak
  4035 | D:4      | Reached skill level 6 in Fighting
  4176 | D:5      | Entered Level 5 of the Dungeon
  4249 | D:5      | HP: 3/75 [jelly (3)]
  4249 | D:5      | Splashed by a jelly's acid

Illustrated notes

Levels and vault maps discovered:
D:1:      amcnicky_arrival_choice, layout_basic
D:2:      layout_basic
D:3:      layout_basic, mainiacjoe_overflow_24_doors, serial_shops,
          nicolae_shop_crystal, nicolae_shop_tiny_real_fake_doors, shop
D:4:      layout_loops_ring, mainiacjoe_overflow_six_doors_small,
          overflow_temple_1_default, portal_sewer_entry_f, uniq_ijyb
D:5:      layout_cave_pools, nicolae_ru_great_annihilating_truth,
          serial_column_ruins, column_ruins_hut, column_ruins_open_tiny,
          column_ruins_open_large, column_ruins_open_medium

Skill      XL: |  1  2  3  4  5  6  7 |
---------------+----------------------+-----
Fighting       | 2 3 4 5 6 |  6.2
Spellcasting   | 1 2 3 4 |  4.7
Unarmed Combat | 3 4 |  4.9
Dodging        | |  1.7
Shapeshifting  | |  3.0

Action                     |  1- 3 |  4- 6 |  7- 9 || total
---------------------------+-------+-------+-------++-------
  Melee: Unarmed           |    91 |   188 |    36 ||   315
         Punch             |     2 |       |     3 ||     5
  Evoke: Wand              |       |     6 |       ||     6
    Use: Potion            |       |     1 |     1 ||     2
   Stab: Paralysed         |       |     7 |       ||     7
 Armour: Animal skin       |    21 |    49 |     5 ||    75
         Skin              |       |     2 |     5 ||     7
  Dodge: Dodged            |    33 |    63 |     8 ||   104

Table legend: (Time is in decaauts)
 A = Elapsed time spent in this place.
 B = Non-inter-level travel time spent in this place.
 C = Inter-level travel time spent in this place.
 D = Time resting spent in this place.
 E = Time spent auto-exploring this place.
 F = Levels seen in this place.
 G = Mean time per level.
                   A        B        C        D        E       F      G
               +--------+--------+--------+--------+--------+-----+--------+
         Total |   4227 |   4079 |    148 |    563 |   2585 |   6 |  704.5 |
       Dungeon |   3816 |   3668 |    148 |    387 |   2491 |   5 |  763.2 |
         Sewer |    411 |    411 |      0 |    176 |     94 |   1 |  411.0 |
               +--------+--------+--------+--------+--------+-----+--------+

Top non-repeatable levels by time:
     D:3: 1143 daAuts
     D:1: 1039 daAuts
     D:4: 983 daAuts
     D:2: 578 daAuts
   Sewer: 411 daAuts
     D:5: 70 daAuts
